 Dungeon Crawl Stone Soup version 0.31-a0-774-g0d66cbabe8 (webtiles) character file.

Game seed: 13310571101456392811

709824 olmar the Hoplite (level 27, 0/290 HPs)
             Began as a Naga Fighter on Sept 15, 2023.
             Was an Initiate of Gozag.
             Slain by a jiangshi (7 damage)
             ... summoned by Murray
             ... in the Vestibule of Hell on Sept 17, 2023.
             The game lasted 02:42:35 (90085 turns).

olmar the Hoplite (Naga Fighter)                   Turns: 90085, Time: 02:42:36

Health: 0/290      AC: 46    Str: 29      XL:     27
Magic:  0/23       EV:  8    Int:  6 (10) God:    Gozag
Gold:   6422       SH: 27    Dex: 10      Spells: 26/26 levels left

rFire   + + +        X - +9 eveningstar (heavy)
rCold   + + +        c - +2 shield of Resistance {rF++ rC++ Will++}
rNeg    + + +        Y - +2 crystal plate armour
rPois   +            (no helmet)
rElec   +            h - scarf {rC+ rF+}
rCorr   .            n - +0 pair of gloves {infuse}
SInv    +            P - +2 barding {Fly}
Will    +++++        q - brooch of Shielding {Spirit SH+8} Stlth
                     b - ring "Qiyl" {Drain rElec rN+++ EV+5 Dex-3}
HPRegen 0.68/turn    f - ring "Pil Uhug" {rN++ AC+4 Slay+5 Stlth-}
MPRegen 0.18/turn

%: guardian spirit
@: gold aura, flying, studying 2 skills, very slow
A: AC +9, large, see invisible, deformed body, poison resistance, slowness 2,
spit poison 1, naga tail 2, strong-willed 1, subdued magic 1
}: 5/15 runes: decaying, slimy, silver, abyssal, gossamer
a: Spit Poison, Renounce Religion, Potion Petition, Call Merchant, Bribe Branch


You were in the Vestibule of Hell.
You worshipped Gozag.
Gozag was greatly pleased with you.
You visited 13 branches of the dungeon, and saw 53 of its levels.
You visited the Abyss 7 times.
You visited 1 bazaar.
You also visited: Trove and Wizlab.

You collected 34796 gold pieces.
You spent 11429 gold pieces at shops.
You paid 16945 gold pieces to Gozag.

Inventory:

Hand Weapons
 X - a +9 heavy eveningstar (weapon)
Armour
 c - the +2 shield of Resistance (worn) {rF++ rC++ Will++}
   (You bought it in a shop on level 13 of the Dungeon)

   rF++:      It greatly protects you from fire.
   rC++:      It greatly protects you from cold.
   Will++:    It greatly increases your willpower.
 h - a scarf of resistance (worn)
 n - a +0 pair of gloves of infusion (worn)
 M - the +2 helmet "Feomyid" {Str+3}
   (You found it on level 3 of the Lair of Beasts)

   Str+3:     It affects your strength (+3).
 P - a +2 barding of flying (worn)
 Y - a +2 crystal plate armour (worn)
Jewellery
 b - the ring "Qiyl" (left hand) {Drain rElec rN+++ EV+5 Dex-3}
   (You acquired it on level 6 of the Dungeon)

   [ring of evasion]

   EV+5:      It affects your evasion (+5).
   Dex-3:     It affects your dexterity (-3).
   rElec:     It insulates you from electricity.
   rN+++:     It renders you almost immune to negative energy.
   Drain:     It drains your maximum health when unequipped.
 f - the ring "Pil Uhug" (right hand) {rN++ AC+4 Slay+5 Stlth-}
   (You bought it in a shop on level 3 of the Crypt)

   [ring of protection]

   AC+4:      It affects your AC (+4).
   Slay+5:    It affects your accuracy & damage with ranged weapons and melee
   (+5).
   rN++:      It greatly protects you from negative energy.
   Stlth-:    It makes you less stealthy.
 q - the brooch of Shielding (around neck) {Spirit SH+8}
   (You found it on level 5 of the Pits of Slime)

   [amulet of guardian spirit]

   Spirit:    It causes incoming damage to be divided between your reserves of
   health and magic.
   SH+8:      It affects your SH (+8).
 I - a ring of resist corrosion
Wands
 i - a wand of digging (17)
 x - a wand of polymorph (16)
 F - a wand of roots (35)
 N - a wand of flame (50)
 O - a wand of paralysis (34)
 R - a wand of mindburst (36)
 U - a wand of quicksilver (11)
Scrolls
 d - 8 scrolls of enchant armour
 j - 9 scrolls of poison
 p - 8 scrolls of teleportation
 s - 5 scrolls of silence
 D - 5 scrolls of revelation
 J - a scroll of summoning
 Q - 7 scrolls of fog
 T - 13 scrolls of blinking
 W - 5 scrolls of fear
Potions
 a - a potion of cancellation
 e - 10 potions of lignification
 g - 2 potions of mutation
 m - 5 potions of ambrosia
 o - 3 potions of enlightenment
 r - 7 potions of attraction
 u - 7 potions of haste
 A - 9 potions of brilliance
 G - 2 potions of curing
 H - 2 potions of might
 L - 2 potions of berserk rage
 V - 5 potions of resistance
Miscellaneous
 k - the horn of Geryon
 z - a phial of floods (inert)
 K - a box of beasts (inert)
 Z - a tin of tremorstones (inert)


   Skills:
 + Level 25.3 Fighting
 + Level 24.6 Maces & Flails
 + Level 20.3 Armour
 - Level 6.9 Stealth
 + Level 26.5 Shields
 + Level 6.5 Evocations


You had 26 spell levels left.
You didn't know any spells.
Your spell library contained the following spells:

 Spells                   Type           Power      Damage    Failure   Level
 Foxfire                  Conj/Fire      0%         2x1d4     99%         1
 Freeze                   Ice            0%         1d3       99%         1
 Kiss of Death            Conj/Necr      0%         2d5       99%         1
 Magic Dart               Conj           0%         1d3       99%         1
 Sandblast                Erth           0%         2d4       99%         1
 Shock                    Conj/Air       0%         1d3       99%         1
 Blink                    Tloc           0%         N/A       100%        2
 Call Imp                 Summ           0%         N/A       100%        2
 Cigotuvi's Dreadful Rot  Necr/Pois/Air  0%         N/A       100%        2
 Ensorcelled Hibernation  Hex/Ice        0%         N/A       100%        2
 Lesser Beckoning         Tloc           0%         N/A       100%        2
 Momentum Strike          Conj/Tloc      0%         3d8       100%        2
 Passwall                 Tmut/Erth      0%         N/A       100%        2
 Scorch                   Fire           0%         2d5       100%        2
 Static Discharge         Conj/Air       0%         2-2/arc   100%        2
 Confusing Touch          Hex            0%         N/A       100%        3
 Frozen Ramparts          Ice            0%         1d1       100%        3
 Hailstorm                Conj/Ice       0%         3d3       100%        3
 Ignite Poison            Fire/Tmut/Pois 0%         N/A       100%        3
 Inner Flame              Hex/Fire       0%         N/A       100%        3
 Mephitic Cloud           Conj/Pois/Air  0%         N/A       100%        3
 Summon Guardian Golem    Hex/Summ       0%         N/A       100%        3
 Swiftness                Air            0%         N/A       100%        3
 Vampiric Draining        Necr           0%         2d6       100%        3
 Airstrike                Air            0%         2d(0-16)  100%        4
 Anguish                  Hex/Necr       0%         N/A       100%        4
 Brom's Barrelling Bould  Conj/Erth      0%         2d3       100%        4
 Dispel Undead            Necr           0%         3d6       100%        4
 Flame Wave               Conj/Fire      0%         2d4       100%        4
 Leda's Liquefaction      Hex/Erth       0%         N/A       100%        4
 Manifold Assault         Tloc           0%         N/A       100%        4
 Sticky Flame             Conj/Fire      0%         2d3       100%        4
 Summon Lightning Spire   Summ/Air       0%         N/A       100%        4
 Vhi's Electric Charge    Tloc/Air       0%         N/A       100%        4
 Alistair's Intoxication  Tmut/Pois      0%         N/A       100%        5
 Arcjolt                  Conj/Air       0%         1d10      100%        5
 Borgnjor's Vile Clutch   Necr/Erth      0%         N/A       100%        5
 Freezing Cloud           Conj/Ice/Air   0%         6-21      100%        5
 Iskenderun's Battlesphe  Conj           0%         2d6       100%        5
 Summon Forest            Summ/Tloc      0%         N/A       100%        5
 Summon Mana Viper        Hex/Summ       0%         N/A       100%        5
 Conjure Ball Lightning   Conj/Air       0%         3x3d6     100%        6
 Death Channel            Necr           0%         N/A       100%        6
 Dispersal                Tloc           0%         N/A       100%        6
 Eringya's Noxious Bog    Tmut/Pois      0%         4d6       100%        6
 Leda's Unmaking          Conj/Erth      0%         9d1       100%        6
 Plasma Beam              Fire/Air       0%         2x1d10    100%        6
 Starburst                Conj/Fire      0%         6d3       100%        6
 Summon Cactus Giant      Summ           0%         N/A       100%        6
 Haunt                    Necr/Summ      0%         N/A       100%        7
 Orb of Destruction       Conj           0%         9d5       100%        7
 Spellforged Servitor     Conj/Summ      0%         N/A       100%        7
 Disjunction              Tloc           0%         N/A       100%        8
 Ignition                 Fire           0%         3d3       100%        8
 Infestation              Necr           0%         N/A       100%        8
 Lehudib's Crystal Spear  Conj/Erth      0%         10d2      100%        8
 Maxwell's Capacitive Co  Air            0%         ∞         100%        8
 Death's Door             Necr           0%         N/A       100%        9
 Polar Vortex             Ice            0%         N/A       100%        9
 Animate Dead             Necr           Unusable   N/A       N/A         4

Dungeon Overview and Level Annotations

Branches:
Dungeon (15/15)            Temple (1/1) D:7            Lair (5/5) D:10
  Swamp (4/4) Lair:3       Spider (4/4) Lair:2        Slime (5/5) Lair:5
    Orc (2/2) D:12            Elf (3/3) Orc:2        Vaults (5/5) D:14
  Crypt (3/3) Vaults:3       Tomb (0/3) Crypt:3      Depths (4/4) D:15
   Hell (1/1)                 Coc (0/7) Hell            Zot (1/5) Depths:4
 WizLab (visited)
    Dis: Hell:1         Geh: Hell:1         Tar: Hell:1

Altars:
Ashenzari
Cheibriados
Dithmenos
Elyvilon
Fedhas
Gozag
Hepliaklqana
Kikubaaqudgha
Makhleb
Nemelex Xobeh
Okawaru
Qazlal
Ru
Sif Muna
Trog
Uskayaw
Vehumet
Wu Jian
Xom
Yredelemnul
Zin
The Shining One
Jiyva

Shops:
D:4 *!   D:6 *[   D:8 *   D:10 *(   D:12 (   D:13 :[((   Orc:2 ?(==   Elf:1 ?
Vaults:1 [?:=?   Vaults:2 =   Vaults:3 (   Vaults:4 [[   Vaults:5 ?!?
Crypt:3 =   Depths:1 [[(   Depths:2 :   Depths:3 =:=

Portals:
Hell: Depths:1 Depths:2 Depths:4
Abyss: Depths:1
Pandemonium: Depths:2 Depths:4
Ziggurat: Depths:4

Annotations:
D:9 2 transporters, Ekaitz's ghost, novice TeAE
Lair:4 exclusion: oklob plant
Elf:1 1 runed translucent door, Zikhlim's ghost, journeyman MiFi
Elf:2 3 runed translucent doors
Vaults:4 2 transporters, RepHenryClay's ghost, adept DsSh
Hell Murray


Innate Abilities, Weirdness & Mutations

Your serpentine skin is tough. (AC +9)
You have supernaturally acute eyesight. (SInv)
Armour fits poorly on your strangely shaped body.
Your system is resistant to poisons. (rPois)
You cover ground very slowly.
You can spit poison.
You can use your snake-like lower body to constrict enemies.
You are strong-willed. (Will+)
Your spells are a little easier to cast, but a little less powerful.


Message History

The hell rat is distracted by your dazzling golden aura.
The ancient lich touches you!
* * * LOW HITPOINT WARNING * * *
The hell rat roars deafeningly!
Unknown command.
You skewer the ancient lich like a kebab!!!
You destroy the ancient lich!
You hear a shout! x2
The hell rat is no longer distracted by gold. x2
You block the jiangshi's attack. x2
The hell rat is distracted by your dazzling golden aura.
The jiangshi claws you!
* * * LOW HITPOINT WARNING * * *
The jiangshi claws you but does no damage.
The spriggan berserker zombie is distracted by your dazzling golden aura.
The jiangshi claws you but does no damage.
You block the jiangshi's attack.
The hell rat roars deafeningly!
You feel your intelligence returning.
Unknown command.
You barely miss the jiangshi. You grab the jiangshi.
You constrict the jiangshi!
You hear a shout!
The spectral juggernaut is no longer distracted by gold.
Murray is no longer distracted by gold.
You block the jiangshi's attack. x2
The jiangshi claws you but does no damage.
The jiangshi claws you!
* * * LOW HITPOINT WARNING * * *
You block the jiangshi's attack.
The jiangshi claws you but does no damage.
The shadow hits you.
Murray is distracted by your dazzling golden aura.
The jiangshi claws you but does no damage.
You block the jiangshi's attack. The spectral juggernaut hits you!!
* * * LOW HITPOINT WARNING * * *
The spectral juggernaut barely misses you.
The jiangshi claws you but does no damage.
The jiangshi claws you!
You die...
Your body crumbles into a pile of gold.

.#...#$##.....
...3ZZ..................
.#...#Z.................. ....
L...................≈≈ .#.
.#....................≈≈#
........................≈≈≈≈#
...Z...................≈≈≈≈≈#
...............VVZ..≈..≈≈≈≈≈#
..Z...........zV@Z...≈≈≈≈≈≈≈# #
Z.............ZWVr$≈≈≈≈≈≈≈≈≈# #.
p.pWZ..........Zr.≈≈≈≈≈≈≈≈≈≈###.#
.p2ppZZZ.....Z...$≈≈≈≈≈≈≈≈≈≈##.##
pp≈§pzp...........≈≈≈≈≈≈≈≈≈≈#.#.#
p≈≈≈§WZV........≈.≈≈≈≈≈$$$.≈.###.
p≈≈§≈§≈.Z.............$....≈## ##
≈≈≈§D≈≈2Z................∩.≈#
≈≈≈≈Z≈&p2D...............$.≈#


You could see Murray (black mark, unaware), 4 jiangshi, a spectral juggernaut
(summoned), a shadow (summoned), 2 hell rats, a nagaraja simulacrum (summoned),
2 spriggan berserker zombies and an ettin zombie (summoned).

Vanquished Creatures
  the Royal Jelly (Slime:5)
  3 dread liches
  An orb of fire (Depths:4)
  Khufu (Crypt:3)
  3 ancient liches
  Mara (Spider:4)
  A juggernaut (Depths:2)
  Boris (Vaults:5)
  Vv (Crypt:1)
  Bai Suzhen (Spider:4)
  Saint Roka (Orc:2)
  Margery (Crypt:3)
  A caustic shrike (Depths:2)
  Jory (Depths:4)
  2 golden dragons
  Geryon (Hell)
  Nikola (Swamp:1)
  A profane servitor (Crypt:3)
  the Enchantress (Depths:3)
  5 bone dragons
  3 doom hounds (Crypt:3)
  Arachne (Spider:4)
  9 tentacled monstrosities
  A hellephant (Abyss:3)
  Rupert (D:14)
  Mlioglotl (Swamp:1)
  A shard shrike skeleton (Abyss:3)
  A deep elf master archer (Elf:3)
  Grunn (Crypt:3)
  A walking divine tome (Depths:2)
  A quicksilver dragon (Vaults:5)
  14 liches
  A deep elf blademaster (Elf:3)
  17 acid blobs
  5 titans (Vaults:5)
  6 ancient champions
  4 sphinxes
  28 tentacled starspawn
  A death cob (Depths:4)
  An Executioner (Depths:1)
  5 thorn hunters
  A tengu reaver (Vaults:5)
  7 shadow dragons
  3 storm dragons
  5 revenants
  Agnes (Spider:4)
  Aizul (Swamp:3)
  2 fenstrider witches (Swamp:3)
  6 azure jellies
  11 rockslimes
  A draconian knight (Abyss:1)
  8 frost giants
  A daeva (Abyss:3)
  13 fire giants
  A draconian scorcher (Abyss:3)
  Louise (Swamp:1)
  4 ghost moths (Spider:4)
  4 deep elf elementalists (Elf:3)
  An iron dragon (Vaults:5)
  3 curse skulls (Crypt:2)
  10 deep elf sorcerers
  2 balrugs
  5 emperor scorpions
  A spectral caustic shrike (WizLab)
  22 vault wardens
  5 orc warlords
  A spectral juggernaut (Crypt:3)
  3 cacodemons
  7 ghouls
  The ghost of Uummannaq the Severer, a journeyman MiFi of Gozag (D:14)
  4 spriggan defenders (Depths:2)
  2 juggernaut zombies
  18 ironbound preservers
  4 draconian shifters
  2 broodmothers
  6 quicksilver oozes
  A caustic shrike skeleton (Crypt:1)
  A draconian annihilator (Depths:4)
  18 stone giants
  4 war gargoyles
  6 ironbound thunderhulks
  A formless jellyfish (Vaults:4)
  A starflower (Abyss:1)
  6 vampire knights
  Nessos (Orc:2)
  25 very ugly things
  2 reapers (Hell)
  4 deep elf demonologists
  2 green draconians
  A red draconian (Depths:4)
  4 dire elephants
  2 eleionomae
  2 black draconians (Depths:4)
  2 lorocyprocas
  9 deep elf annihilators
  A purple draconian (Depths:4)
  4 bunyips
  2 white draconians (Depths:4)
  12 deep elf death magi
  3 halazid warlocks (WizLab)
  9 spark wasps
  3 blizzard demons
  2 mummy priests (Crypt:3)
  Snorg (D:13)
  11 ettins
  9 fire dragons
  2 crystal guardians
  Josephine (Orc:2)
  5 entropy weavers
  22 jiangshi
  5 eidola
  2 merfolk impalers (Depths:4)
  A shambling mangrove (Swamp:3)
  15 yaktaur captains
  17 great orbs of eyes
  8 ice dragons
  6 deep elf high priests
  A hell beast (Depths:4)
  An entropy weaver (shapeshifter) (D:13)
  27 hydras
  A spectral quicksilver dragon (WizLab)
  2 peacekeepers (Vaults:4)
  28 vault guards
  9 ironbound frosthearts
  5 alligators
  7 rakshasas
  2 spriggan air magi
  2 radroaches
  6 ogre magi
  Erica (Lair:2)
  2 ghost crabs (Swamp:2)
  6 death knights
  A fenstrider witch skeleton (Abyss:1)
  8 boulder beetles
  18 centaur warriors
  3 spriggan skeletons
  9 two-headed ogres
  An alligator (shapeshifter) (Vaults:5)
  2 jorogumos
  A catoblepas (Lair:2)
  6 tengu warriors
  4 death yaks (Lair:5)
  9 deep troll shamans
  3 spriggan berserkers
  7 vampire magi
  5 demonic crawlers (Spider:3)
  6 hell hogs
  22 thrashing horrors
  15 dancing weapons
  10 deep troll earth magi
  2 titan zombies
  16 hell knights
  10 soul eaters
  2 titan skeletons
  Nergalle (Orc:2)
  13 sun demons
  A skyshark (Lair:5)
  6 shadow wraiths
  9 spriggans
  11 wretched stars
  8 iron trolls
  A death drake (shapeshifter) (Depths:2)
  36 skeletal warriors
  14 deep elf knights
  5 goliath frogs
  4 pharaoh ants
  A bunyip zombie (Abyss:1)
  66 deep trolls
  A salamander mystic (Depths:2)
  9 sixfirhies
  9 flayed ghosts
  4 spatial maelstroms
  2 anaconda zombies (Hell)
  9 bog bodies
  2 sun moths
  3 spark wasp zombies (WizLab)
  2 spriggan druids
  5 glowing orange brains
  2 spriggan simulacra
  16 swamp dragons
  A glowing orange brain (shapeshifter) (Elf:3)
  A swamp dragon (shapeshifter) (Vaults:5)
  17 ironbound convokers
  8 lindwurms
  Pikel (D:6)
  12 orb spiders
  10 steelbarb worms
  7 deep elf archers
  An orange crystal statue (Abyss:3)
  5 harpies (Vaults:1)
  24 orc knights
  20 wolf spiders
  An anaconda skeleton (Crypt:2)
  29 deep elf pyromancers
  22 deep elf zephyrmancers
  2 iron dragon zombies
  20 necromancers
  2 alligator zombies (Hell)
  A spectral wolf spider (WizLab)
  10 wizards
  20 phantasmal warriors
  A frost giant zombie (Vaults:1)
  4 cyclopes
  A tengu skeleton (Vaults:2)
  8 orc sorcerers
  7 will-o-the-wisps
  A spectral spriggan (WizLab)
  A mana viper (shapeshifter) (D:15)
  A manticore (D:14)
  4 shining eyes
  21 ugly things
  4 salamanders (Depths:2)
  9 worldbinders
  2 moths of wrath
  A stone giant skeleton (Vaults:1)
  7 black mambas
  A guardian serpent (Abyss:1)
  19 vault sentinels
  7 apocalypse crabs
  An iron dragon skeleton (Abyss:2)
  10 elephants
  A rust devil (Hell)
  11 smoke demons
  3 eyes of devastation
  2 ice statues (Hell)
  5 orange demons
  A gargoyle (D:12)
  An unseen horror (Abyss:1)
  3 centaur skeletons
  4 torpor snails
  2 naga skeletons
  2 yaktaur zombies (Vaults:1)
  An efreet (Abyss:1)
  4 rime drakes (Lair:5)
  An unseen horror (shapeshifter) (Elf:3)
  A hellion (Abyss:6)
  A bunyip simulacrum (Crypt:2)
  10 komodo dragons
  9 kobold demonologists
  A titan simulacrum (Crypt:3)
  4 cane toads
  28 yaktaurs
  4 human skeletons (Vaults:1)
  2 ice devils (Abyss:3)
  A komodo dragon (shapeshifter) (Vaults:5)
  2 tormentors
  2 anaconda simulacra (Lair:3)
  A silent spectre (Abyss:2)
  13 freezing wraiths
  2 red devils (Depths:4)
  14 ancient zymes
  12 meliai
  A harpy zombie (Crypt:1)
  7 guardian mummies (Crypt:3)
  3 hydra zombies
  An alligator simulacrum (Hell)
  9 trolls
  45 raiju
  A wolf spider simulacrum (Lair:3)
  6 hellwings
  10 polar bears
  25 tarantellas
  9 tyrant leeches
  2 raiju (shapeshifter)
  Grinder (D:3)
  13 hornets
  17 blink frogs
  A harpy skeleton (Crypt:3)
  An ice dragon zombie (Crypt:1)
  A tarantella zombie (Crypt:1)
  A hydra skeleton (Crypt:2)
  8 spriggan zombies
  A human simulacrum (Vaults:1)
  4 dream sheep (Lair:5)
  An ettin skeleton (Vaults:2)
  98 slime creatures
  14 culicivoras
  27 jumping spiders
  87 flying skulls
  A naga simulacrum (Crypt:2)
  50 large abominations
  2 yaks (shapeshifter)
  A slime creature (shapeshifter) (Elf:1)
  8 water elementals
  21 wraiths
  17 ynoxinuls
  5 wyverns
  A basilisk (shapeshifter) (Abyss:3)
  A fire bat (Abyss:1)
  3 vampires
  An air elemental (Elf:2)
  6 shadows
  93 starcursed masses
  A fire bat (shapeshifter) (Abyss:3)
  A fire elemental (Elf:1)
  19 neqoxecs
  67 yaks
  An alligator snapping turtle simulacrum (Crypt:1)
  21 humans
  4 basilisks
  3 steam dragons
  9 chaos spawn
  10 golden eyes
  13 wargs
  12 vampire mosquitoes
  50 redbacks
  2 spatial vortices (Abyss:6)
  2 naga zombies
  17 swamp worms
  A skyshark zombie (Crypt:1)
  2 acid dragons (D:10)
  2 hydra simulacra
  15 hell hounds
  9 water moccasins
  An ogre skeleton (Vaults:2)
  23 orc warriors
  10 swamp drakes
  12 black bears
  A sky beast (D:6)
  11 ogres
  42 small abominations
  36 wolves
  3 boggarts (Vaults:1)
  A swamp dragon skeleton (Crypt:1)
  19 centaurs
  2 phantoms
  5 kobold brigands
  An elf zombie (Crypt:2)
  14 bullfrogs
  6 necrophages
  3 gnoll sergeants
  2 scorpions (D:6)
  7 earth elementals
  2 cyclops skeletons
  13 wights
  14 killer bees
  A warg skeleton (Crypt:1)
  2 polar bear skeletons
  4 howler monkeys
  6 electric eels
  A lava snake (Lair:4)
  A bullfrog zombie (Crypt:2)
  7 quasits
  A jelly (Abyss:1)
  3 hounds
  3 iron imps
  24 orc priests
  9 iguanas
  A water moccasin simulacrum (Lair:3)
  A gnoll bouda (Orc:1)
  3 hell rats (Hell)
  33 orc wizards
  Terence (D:2)
  A tengu zombie (Crypt:2)
  2 bullfrog simulacra (Lair:3)
  A howler monkey zombie (Crypt:2)
  24 gnolls
  6 adders
  A shadow imp (D:8)
  6 white imps
  3 ufetubi
  A worm (D:5)
  2 dart slugs
  105 orcs
  7 endoplasms
  2 giant cockroaches
  10 goblins
  6 hobgoblins
  2 jackals (D:3)
  5 quokkas
  13 ball pythons
  8 bats
  2 frilled lizards
  16 kobolds
  7 rats
  A creeping inferno (Hell)
  A lurking horror (Abyss:3)
  33 starspawn tentacles
2963 creatures vanquished.

Vanquished Creatures (collateral kills)
  A very ugly thing (Abyss:6)
1 creature vanquished.

Vanquished Creatures (others)
  A tentacled starspawn (Abyss:6)
  Donald (Swamp:1)
  A fire giant (Depths:3)
  A vault guard (Vaults:5)
  2 wizards
  A deep elf pyromancer (Elf:1)
  A bloated husk (Swamp:3)
  2 large abominations (Abyss:6)
  A water elemental (Depths:4)
  A human (Crypt:2)
  5 golden eyes
  2 small abominations
  A lava snake (Lair:4)
  32 foxfires
  8 lurking horrors
  70 starspawn tentacles
130 creatures vanquished.

Grand Total: 3094 creatures vanquished

Notes
Turn   | Place    | Note
-------+----------+-------------------------------------------
     0 | D:1      | olmar the Naga Fighter began the quest for the Orb.
     0 | D:1      | Reached XP level 1. HP: 21/21 MP: 1/1
   185 | D:1      | Reached XP level 2. HP: 27/28 MP: 2/2
   292 | D:1      | Reached skill level 3 in Shields
   517 | D:1      | Reached XP level 3. HP: 34/34 MP: 3/3
  1137 | D:2      | Reached XP level 4. HP: 43/44 MP: 4/4
  1348 | D:2      | Noticed Terence
  1358 | D:2      | Killed Terence
  1598 | D:3      | Found a faded altar of an unknown god.
  1869 | D:3      | Reached XP level 5. HP: 50/50 MP: 5/5
  1949 | D:3      | Noticed Grinder
  1949 | D:3      | Paralysed by Grinder for 2 turns
  1966 | D:3      | Killed Grinder
  1967 | D:3      | Reached skill level 1 in Stealth
  1967 | D:3      | Reached XP level 6. HP: 27/57 MP: 6/6
  2429 | D:4      | Reached skill level 1 in Evocations
  2721 | D:4      | Found a burning altar of Makhleb.
  2742 | D:4      | Reached XP level 7. HP: 54/64 MP: 7/7
  2845 | D:4      | Found Akawnorchi's Assorted Antiques.
  2948 | D:4      | Found Raqeakkah's Distillery.
  3664 | D:5      | Entered Level 5 of the Dungeon
  3907 | D:5      | Reached skill level 5 in Maces & Flails
  4012 | D:5      | Reached XP level 8. HP: 73/73 MP: 8/8
  4096 | D:5      | Found a stormy altar of Qazlal.
  4521 | D:6      | Noticed Pikel
  4530 | D:6      | Killed Pikel
  4531 | D:6      | Reached skill level 5 in Fighting
  4531 | D:6      | Reached skill level 5 in Armour
  4531 | D:6      | Reached skill level 4 in Shields
  4604 | D:6      | Found a hide-covered altar of Uskayaw.
  4615 | D:6      | Found a sacrificial altar of Ru.
  4688 | D:6      | Reached XP level 9. HP: 51/81 MP: 9/9
  4825 | D:6      | Identified the +7 chain mail of Insurance {Dex+5}
  4857 | D:6      | Found Wusinixi's Antique Armour Shoppe.
  4933 | D:6      | Found Peowam's Assorted Antiques.
  5862 | D:7      | Noticed a wizard
  5866 | D:7      | Noticed a wizard
  6203 | D:7      | Killed a wizard
  6214 | D:7      | Killed a wizard
  6221 | D:7      | Reached XP level 10. HP: 44/92 MP: 10/10
  7280 | D:7      | Found a staircase to the Ecumenical Temple.
  7363 | Temple   | Entered the Ecumenical Temple
  7372 | Temple   | Became a worshipper of Gozag Ym Sagoz the Greedy
  7630 | D:8      | Reached skill level 5 in Shields
  8231 | D:8      | Found Oviuwkor's General Store.
  8244 | D:8      | Bought a potion of berserk rage for 65 gold pieces
  8244 | D:8      | Bought a potion of haste for 130 gold pieces
  8340 | D:8      | Found a bloodstained altar of Trog.
  8785 | D:8      | Reached skill level 10 in Maces & Flails
  8882 | D:4      | Bought 2 potions of curing for 78 gold pieces
  8882 | D:4      | Bought a potion of invisibility for 104 gold pieces
  8882 | D:4      | Bought 2 potions of heal wounds for 130 gold pieces
  8882 | D:4      | Bought a potion of heal wounds for 65 gold pieces
  8882 | D:4      | Bought a potion of curing for 39 gold pieces
  9012 | D:9      | Noticed a two-headed ogre
  9026 | D:9      | Killed a two-headed ogre
  9027 | D:9      | Reached XP level 11. HP: 56/100 MP: 11/11
  9298 | D:9      | Noticed a two-headed ogre
  9300 | D:9      | Noticed a tengu warrior
  9300 | D:9      | Noticed a moth of wrath
  9301 | D:9      | Noticed a two-headed ogre
  9302 | D:9      | Noticed Ekaitz's ghost (novice TeAE)
  9309 | D:9      | Found a transporter.
  9313 | D:9      | Found a bloodstained altar of Trog.
  9324 | D:9      | Found a transporter.
  9451 | D:9      | Paralysed by a vampire for 3 turns
 10057 | D:10     | Entered Level 10 of the Dungeon
 10076 | D:10     | Found a hazy altar of Hepliaklqana.
 10084 | D:10     | Found a broken altar of Ashenzari.
 10142 | D:10     | Noticed a sixfirhy
 10360 | D:10     | Found a staircase to the Lair.
 10989 | D:10     | Found a sparkling altar of Nemelex Xobeh.
 12829 | D:6      | Bought a runed barding for 546 gold pieces
 12937 | Lair:1   | Entered Level 1 of the Lair of Beasts
 13388 | Lair:1   | Reached XP level 12. HP: 109/112 MP: 12/12
 13511 | Lair:1   | Reached skill level 10 in Armour
 13542 | Lair:1   | Reached skill level 6 in Shields
 14584 | Lair:2   | Noticed Erica
 14592 | Lair:2   | Killed Erica
 15194 | Lair:2   | Reached skill level 5 in Stealth
 15198 | Lair:2   | Noticed a catoblepas
 15216 | Lair:2   | Killed a catoblepas
 15434 | Lair:2   | Found a hole to the Spider Nest.
 16567 | Lair:2   | Paralysed by a hornet for 2 turns
 16717 | Lair:3   | Found a staircase to the Swamp.
 16828 | Lair:3   | Gained mutation: You can use your snake-like lower body to
                  | constrict enemies. [Naga growth]
 16828 | Lair:3   | Reached XP level 13. HP: 116/121 MP: 11/13
 16833 | Lair:3   | Reached skill level 7 in Shields
 17226 | Lair:3   | Found a transporter.
 17329 | Lair:3   | Found a transporter.
 18853 | Lair:4   | Reached skill level 10 in Fighting
 19826 | D:6      | Bought a shiny crystal plate armour for 1743 gold pieces
 19838 | D:6      | Identified 2 scrolls of acquirement
 19838 | D:6      | Acquired the ring "Qiyl" {Drain rElec rN+++ EV+5 Dex-3}
 20101 | Lair:5   | Entered Level 5 of the Lair of Beasts
 20566 | Lair:5   | Found a staircase to the Slime Pits.
 20567 | Lair:5   | Found a viscous altar of Jiyva.
 20605 | Lair:5   | Reached XP level 14. HP: 133/133 MP: 14/14
 21373 | Lair:5   | Acquired 1215 gold pieces
 22192 | Lair:5   | Reached skill level 8 in Shields
 23056 | Lair:5   | Identified the +1 flail "olmar's Death" {vamp, Dex+4 SInv}
 23222 | D:10     | Upgraded the game from 0.31-a0-765-g67fe2935dc to
                  | 0.31-a0-771-g505c3d19dc
 23819 | D:12     | Found Goit's Antique Weapon Emporium.
 24016 | D:12     | Found a staircase to the Orcish Mines.
 24511 | D:12     | Reached XP level 15. HP: 51/144 MP: 7/15
 25151 | Orc:1    | Entered Level 1 of the Orcish Mines
 25445 | D:13     | Bought the +2 shield of Resistance {rF++ rC++ Will++} for
                  | 987 gold pieces
 25445 | D:13     | Found the +2 shield of Resistance {rF++ rC++ Will++}
 25473 | D:13     | You are sucked into a shaft and drop 2 floors!
 25473 | D:15     | Entered Level 15 of the Dungeon
 25484 | D:15     | Found a stormy altar of Qazlal.
 25638 | D:15     | Reached skill level 15 in Maces & Flails
 25701 | D:15     | Found a staircase to the Depths.
 25801 | D:15     | Reached skill level 9 in Shields
 26060 | D:15     | Identified the +10 dagger of Rewylam {drain, rC+ Int+6}
 27416 | Lair:3   | Identified the +2 helmet "Feomyid" {Str+3}
 27984 | D:13     | Noticed Snorg
 27995 | D:13     | Reached skill level 10 in Shields
 28018 | D:13     | Killed Snorg
 28134 | D:13     | Found Amyoqon's Book Emporium.
 28368 | D:14     | Noticed Rupert
 28368 | D:14     | Found a gate to the Vaults.
 28789 | D:14     | Killed Rupert
 29350 | D:14     | Found a runed translucent gate.
 29351 | D:14     | Found a runed translucent gate.
 29351 | D:14     | Found a runed translucent gate.
 29351 | D:14     | Noticed Uummannaq's ghost (journeyman MiFi)
 29833 | D:14     | Reached XP level 16. HP: 127/154 MP: 12/16
 29944 | D:14     | Killed Uummannaq's ghost
 30215 | D:14     | Identified the +0 ring mail "Viosisou" {Dex+3}
 30761 | Orc:1    | You are sucked into a shaft and drop 1 floor!
 30761 | Orc:2    | Entered Level 2 of the Orcish Mines
 30771 | Orc:2    | Noticed Saint Roka
 30773 | Orc:2    | Noticed Josephine
 30836 | Orc:2    | Found a radiant altar of Vehumet.
 30943 | Orc:2    | Found Myomopt's Antique Weapon Boutique.
 30965 | Orc:2    | Noticed Nergalle
 30979 | Orc:2    | Killed Nergalle
 30983 | Orc:2    | Found Bodaps's Jewellery Boutique.
 30993 | Orc:2    | Found Makeh's Jewellery Shop.
 31027 | Orc:2    | Found an ancient bone altar of Kikubaaqudgha.
 31057 | Orc:2    | Found Xafar's Magic Scroll Shop.
 31067 | Orc:2    | Bought a scroll of amnesia for 60 gold pieces
 31067 | Orc:2    | Bought a scroll of fog for 60 gold pieces
 31067 | Orc:2    | Bought a scroll of teleportation for 45 gold pieces
 31067 | Orc:2    | Bought a scroll of identify for 30 gold pieces
 31067 | Orc:2    | Bought a scroll of identify for 30 gold pieces
 31067 | Orc:2    | Bought a scroll of revelation for 112 gold pieces
 31067 | Orc:2    | Bought a scroll of vulnerability for 60 gold pieces
 31397 | Orc:2    | Reached skill level 11 in Shields
 31414 | Orc:2    | Killed Josephine
 31417 | Orc:2    | Killed Saint Roka
 31663 | Orc:2    | Noticed Nessos
 31674 | Orc:2    | Killed Nessos
 31845 | Orc:2    | Found a staircase to the Elven Halls.
 32050 | Elf:1    | Entered Level 1 of the Elven Halls
 32665 | Elf:1    | Found a runed translucent door.
 32665 | Elf:1    | Noticed Zikhlim's ghost (journeyman MiFi)
 33097 | Elf:1    | Got a sooty
 33643 | Elf:1    | Reached XP level 17. HP: 88/165 MP: 10/17
 33959 | Elf:1    | Found Ficraz's Magic Scroll Shop.
 33966 | Elf:1    | Bought a scroll of identify for 30 gold pieces
 33966 | Elf:1    | Bought a scroll of blinking for 112 gold pieces
 33966 | Elf:1    | Bought a scroll of teleportation for 45 gold pieces
 33966 | Elf:1    | Bought a scroll of teleportation for 45 gold pieces
 33966 | Elf:1    | Bought a scroll of poison for 60 gold pieces
 34406 | Elf:2    | Reached skill level 15 in Armour
 34418 | Elf:2    | Paralysed by an air elemental for 1 turns
 34767 | Elf:2    | Reached skill level 12 in Shields
 34899 | Elf:2    | Found a runed translucent gate.
 34899 | Elf:2    | Found a runed translucent gate.
 34900 | Elf:2    | Found a runed translucent gate.
 35149 | Elf:3    | Entered Level 3 of the Elven Halls
 35215 | Elf:3    | Found a flickering gateway to a bazaar.
 35262 | Bazaar   | Entered a bazaar
 35287 | Bazaar   | Found Laefosap's Jewellery Shoppe.
 35287 | Bazaar   | Found Vest's Distillery.
 35298 | Bazaar   | Bought a potion of experience for 800 gold pieces
 35309 | Bazaar   | Found Nogaumn's Book Shoppe.
 35325 | Bazaar   | Found Uhaugryl's Book Emporium.
 35365 | Bazaar   | Reached XP level 18. HP: 176/176 MP: 18/18
 35382 | Bazaar   | Bought a potion of curing for 48 gold pieces
 35382 | Bazaar   | Bought 2 potions of lignification for 96 gold pieces
 35382 | Bazaar   | Bought a potion of heal wounds for 80 gold pieces
 35382 | Bazaar   | Bought a potion of heal wounds for 80 gold pieces
 35382 | Bazaar   | Bought a potion of curing for 48 gold pieces
 35382 | Bazaar   | Bought 2 potions of heal wounds for 160 gold pieces
 35382 | Bazaar   | Bought a potion of haste for 160 gold pieces
 35550 | Elf:3    | Noticed a deep elf blademaster
 35572 | Elf:3    | Killed a deep elf blademaster
 35573 | Elf:3    | Noticed a deep elf master archer
 35586 | Elf:3    | Killed a deep elf master archer
 36066 | Elf:3    | Identified the +4 glaive "Beetleslayer" {drain, Drain rC+
                  | Will+ Str+2}
 36072 | Elf:3    | Noticed a Hell Sentinel
 36326 | Elf:3    | Gained mutation: You are frail. (-10% HP) [a cacodemon]
 36578 | Elf:3    | Reached skill level 15 in Fighting
 36588 | Elf:3    | Identified the amulet of Qismicui {Faith Dex+5}
 37173 | Elf:3    | Identified the +8 hand axe of Huefol {drain, *Slow MP+9
                  | Str+4}
 37250 | Elf:3    | Found the +6 arbalest "Damnation" {damnation}
 37772 | Swamp:1  | Entered Level 1 of the Swamp
 37817 | Swamp:1  | You are sucked into a shaft and drop 1 floor!
 37858 | Swamp:2  | Reached skill level 13 in Shields
 38369 | Swamp:1  | Noticed Nikola
 38370 | Swamp:1  | Noticed Donald
 38370 | Swamp:1  | Killed Donald
 38382 | Swamp:1  | Killed Nikola
 38385 | Swamp:1  | Noticed Mlioglotl
 38394 | Swamp:1  | Noticed Louise
 38399 | Swamp:1  | Killed Mlioglotl
 38400 | Swamp:1  | Reached XP level 19. HP: 103/167 MP: 9/19
 38418 | Swamp:1  | Killed Louise
 41010 | Swamp:3  | Noticed Aizul
 41023 | Swamp:3  | Killed Aizul
 41599 | Swamp:4  | Entered Level 4 of the Swamp
 41963 | Swamp:4  | Noticed a tentacled monstrosity
 41982 | Swamp:4  | Killed a tentacled monstrosity
 42001 | Swamp:4  | Noticed a tentacled monstrosity
 42019 | Swamp:4  | Killed a tentacled monstrosity
 42157 | Swamp:4  | Reached skill level 14 in Shields
 43070 | Swamp:4  | Identified the +0 quarterstaff of Apaddooq {freeze, +Blink}
 43094 | Swamp:4  | Got a decaying rune of Zot
 43448 | D:10     | Bought a potion of curing for 66 gold pieces
 43448 | D:10     | Bought a potion of curing for 66 gold pieces
 43448 | D:10     | Bought a scroll of identify for 44 gold pieces
 43448 | D:10     | Bought a scroll of identify for 44 gold pieces
 43451 | D:10     | Bought a runed eveningstar for 576 gold pieces
 43499 | Spider:1 | Entered Level 1 of the Spider Nest
 44994 | Spider:2 | Reached XP level 20. HP: 176/176 MP: 16/20
 45056 | Spider:2 | Identified the +0 pair of gloves "Hiuppis" {rPois rCorr
                  | Int-5}
 46937 | Spider:3 | Reached skill level 15 in Shields
 47352 | Spider:3 | Identified the +7 plate armour of Uskayaw's Esteem {rN+
                  | MP+9 Str+3}
 47372 | Spider:3 | Identified the +1 glaive "Edokarph" {heavy, Will- Str+4
                  | Dex+6 Stlth+}
 48527 | Spider:4 | Entered Level 4 of the Spider Nest
 49609 | Spider:4 | Got a gossamer rune of Zot
 49640 | Spider:4 | Noticed Arachne
 49653 | Spider:4 | Killed Arachne
 50320 | Spider:4 | Noticed Mara
 50329 | Spider:4 | Killed Mara
 50440 | Spider:4 | Noticed Agnes
 50445 | Spider:4 | Killed Agnes
 50446 | Spider:4 | Reached skill level 16 in Shields
 50584 | Spider:4 | Noticed Bai Suzhen
 50600 | Spider:4 | Killed Bai Suzhen
 51288 | Vaults:1 | Entered Level 1 of the Vaults
 51433 | Vaults:1 | Found Luramat's Magic Scroll Emporium.
 51455 | Vaults:1 | Reached XP level 21. HP: 187/187 MP: 5/21
 51462 | Vaults:1 | Bought a scroll of teleportation for 57 gold pieces
 51462 | Vaults:1 | Bought a scroll of teleportation for 57 gold pieces
 51462 | Vaults:1 | Bought a scroll of fear for 76 gold pieces
 51462 | Vaults:1 | Bought a scroll of revelation for 142 gold pieces
 51462 | Vaults:1 | Bought a scroll of poison for 76 gold pieces
 51599 | Vaults:1 | Identified the +7 arbalest of the Hawk {drain, rF++}
 51901 | Vaults:1 | Found Pujurphud's Jewellery Emporium.
 52085 | Vaults:1 | Found Ecasivou's Antique Armour Emporium.
 52779 | Vaults:1 | Found Duuceunu's Magic Scroll Emporium.
 52780 | Vaults:1 | Found Siczie's Book Boutique.
 52788 | Vaults:1 | Bought a scroll of blinking for 127 gold pieces
 52788 | Vaults:1 | Bought a scroll of blinking for 127 gold pieces
 52788 | Vaults:1 | Bought a scroll of teleportation for 51 gold pieces
 52788 | Vaults:1 | Bought a scroll of teleportation for 51 gold pieces
 54983 | Vaults:2 | Found Oshesuf's Jewellery Shoppe.
 55512 | Vaults:2 | Reached skill level 17 in Shields
 57044 | Vaults:3 | Found a magical portal.
 57050 | Vaults:3 | Lost mutation: You are frail. (-10% HP) [potion of
                  | mutation]
 57050 | Vaults:3 | Gained mutation: You do not regenerate when monsters are
                  | visible. [potion of mutation]
 57050 | Vaults:3 | Gained mutation: Your flesh is heat resistant. (rF+)
                  | [potion of mutation]
 57050 | Vaults:3 | Gained mutation: You are partially covered in iridescent
                  | scales. (AC +2) [potion of mutation]
 57051 | Vaults:3 | Lost mutation: You do not regenerate when monsters are
                  | visible. [potion of mutation]
 57051 | Vaults:3 | Lost mutation: You are partially covered in iridescent
                  | scales. (AC +2) [potion of mutation]
 57051 | Vaults:3 | Lost mutation: Your flesh is heat resistant. (rF+) [potion
                  | of mutation]
 57051 | Vaults:3 | Gained mutation: Your flesh is cold resistant. (rC+)
                  | [potion of mutation]
 57051 | Vaults:3 | Gained mutation: You occasionally shout uncontrollably at
                  | your foes. [potion of mutation]
 57051 | Vaults:3 | Gained mutation: You expend magic power (3 MP) to
                  | strengthen your wands. [potion of mutation]
 57051 | Vaults:3 | Gained mutation: You are partially covered in large bone
                  | plates. (SH +4) [potion of mutation]
 57055 | WizLab   | Entered Borgnjor's Mausoleum
 57351 | WizLab   | Reached XP level 22. HP: 195/220 MP: 1/22
 57629 | WizLab   | Identified the amulet "Myppuen" {Reflect rN++ Str-2 Int+4
                  | SH+5}
 57661 | WizLab   | Got tattered
 57929 | Vaults:3 | Reached skill level 5 in Evocations
 58066 | Vaults:3 | Found a staircase to the Crypt.
 59002 | Vaults:3 | Reached skill level 18 in Shields
 59179 | Vaults:3 | Found Exzem's Weapon Boutique.
 60277 | Vaults:4 | Found a transporter.
 60447 | Vaults:4 | Acquired a manual of Fighting
 60823 | Vaults:4 | Noticed RepHenryClay's ghost (adept DsSh)
 61426 | Vaults:4 | Reached XP level 23. HP: 232/232 MP: 0/23
 62215 | Vaults:4 | Identified the +11 great mace of Delightful Optimality
                  | {flame, rN+ Will+ rCorr}
 62414 | Vaults:4 | Found a transporter.
 62892 | Slime:1  | Entered Level 1 of the Pits of Slime
 63177 | Slime:2  | Gained mutation: You are dopey. (Int -2) [a shining eye]
 63178 | Slime:2  | Gained mutation: Your magical capacity is low. (-10% MP) [a
                  | shining eye]
 63341 | Slime:2  | You are sucked into a shaft and drop 2 floors!
 63352 | Slime:4  | Reached skill level 19 in Shields
 63355 | Slime:4  | Gained mutation: You are weak. (Str -2) [a shining eye]
 63363 | Slime:4  | Gained mutation: You occasionally lose the ability to read
                  | scrolls when taking damage. [a shining eye]
 63367 | Slime:4  | Gained mutation: You are partially covered in iridescent
                  | scales. (AC +2) [a shining eye]
 63844 | Slime:5  | Entered Level 5 of the Pits of Slime
 64185 | Slime:5  | Gained mutation: You are frail. (-10% HP) [a shining eye]
 64575 | Slime:5  | Noticed the Royal Jelly
 64586 | Slime:5  | Killed the Royal Jelly
 66897 | Slime:5  | Found the brooch of Shielding {Spirit SH+8}
 66908 | Slime:5  | Identified the +0 leather armour of Kualau Wogg {rPois rF-
                  | Regen+ Slay+2}
 66944 | Slime:5  | Identified the +5 whip of the Burning Whale {drain, rN++}
 66971 | Slime:5  | Got a slimy rune of Zot
 66987 | Slime:5  | Identified the staff of Gozag's Approval {rElec Str+4 Int-5
                  | Conj}
 66999 | Slime:5  | Got lithographed
 67011 | Slime:5  | Got tattered
 67347 | Vaults:4 | Bought the +0 helmet "Zine" {+Inv rN+++ MP-9 Dex-3} for 314
                  | gold pieces
 67361 | Vaults:5 | Entered Level 5 of the Vaults
 67429 | Vaults:5 | Noticed a golden dragon
 67909 | Vaults:5 | Reached XP level 24. HP: 120/222 MP: 0/20
 68236 | Vaults:5 | Reached skill level 20 in Shields
 68535 | Vaults:5 | Noticed an ancient lich
 68545 | Vaults:5 | Killed an ancient lich
 68796 | Vaults:5 | Found Fuamyuq's Magic Scroll Shop.
 68802 | Vaults:5 | Bought a scroll of fear for 76 gold pieces
 68802 | Vaults:5 | Bought a scroll of identify for 38 gold pieces
 68802 | Vaults:5 | Bought a scroll of teleportation for 57 gold pieces
 68802 | Vaults:5 | Bought a scroll of fog for 76 gold pieces
 68802 | Vaults:5 | Bought a scroll of revelation for 142 gold pieces
 68802 | Vaults:5 | Bought a scroll of identify for 38 gold pieces
 68802 | Vaults:5 | Bought a scroll of enchant weapon for 142 gold pieces
 68802 | Vaults:5 | Bought a scroll of teleportation for 57 gold pieces
 68842 | Vaults:5 | Noticed Boris
 68850 | Vaults:5 | Killed Boris
 69013 | Vaults:5 | Found Zedioz's Magic Scroll Shoppe.
 69018 | Vaults:5 | Bought a scroll of fog for 80 gold pieces
 69018 | Vaults:5 | Bought a scroll of poison for 80 gold pieces
 69018 | Vaults:5 | Bought a scroll of poison for 80 gold pieces
 69026 | Vaults:5 | Got a silver rune of Zot
 69037 | Vaults:5 | Bought a scroll of enchant armour for 150 gold pieces
 69213 | Vaults:5 | Identified the staff "Ercholuj" {Fly Conj}
 69516 | Vaults:5 | Noticed a dread lich
 69521 | Vaults:5 | Killed a dread lich
 69521 | Vaults:5 | Noticed a dread lich
 69523 | Vaults:5 | Killed a dread lich
 69687 | Vaults:5 | Identified the +2 sling "Impef" {drain, Contam rC+++ Dex+4}
 69689 | Vaults:5 | Identified the +3 war axe "Miciozapn" {drain, Will+++}
 69730 | Vaults:5 | Identified the staff of Disgust {rElec rPois rF+ Will+
                  | Poison}
 69743 | Vaults:5 | Identified the +2 gold dragon scales of Lesichuz {Drain
                  | rElec rPois rF+ rC+ Int+3 SInv}
 69781 | Vaults:5 | Identified the +5 ring mail of the Bursted God {+Inv rCorr
                  | Int-5 Stlth+}
 69938 | Vaults:5 | Found Quxiriwk's Distillery.
 69942 | Vaults:5 | Bought a potion of curing for 42 gold pieces
 69942 | Vaults:5 | Bought a potion of haste for 140 gold pieces
 69942 | Vaults:5 | Bought a potion of curing for 42 gold pieces
 69942 | Vaults:5 | Bought a potion of curing for 42 gold pieces
 69942 | Vaults:5 | Bought a potion of curing for 42 gold pieces
 69942 | Vaults:5 | Bought a potion of curing for 42 gold pieces
 69942 | Vaults:5 | Bought a potion of heal wounds for 70 gold pieces
 69942 | Vaults:5 | Bought a potion of experience for 700 gold pieces
 69942 | Vaults:5 | Bought a potion of brilliance for 56 gold pieces
 69942 | Vaults:5 | Reached XP level 25. HP: 234/234 MP: 20/20
 70342 | Depths:1 | Entered Level 1 of the Depths
 70369 | Depths:1 | Reached skill level 21 in Shields
 70437 | Depths:1 | Found a shimmering blue altar of Sif Muna.
 70775 | Depths:1 | Found a one-way gate to the infinite horrors of the Abyss.
 70796 | Depths:1 | Found a gateway to Hell.
 70820 | Depths:1 | Found Zefon's Antique Weapon Boutique.
 70921 | Depths:1 | Found a sacrificial altar of Ru.
 70929 | Depths:1 | Acquired 917 gold pieces
 71969 | Depths:2 | Found a one-way gate leading to the halls of Pandemonium.
 72150 | Depths:2 | Reached XP level 26. HP: 231/243 MP: 14/20
 72159 | Depths:2 | Noticed a juggernaut
 72413 | Depths:2 | Found Ynazum's Book Shop.
 72742 | Depths:2 | Identified the staff "Kekhlesa" {*Slow rPois rC+ Int+4 SInv
                  | Ice}
 72827 | Depths:2 | Found a portal to a secret trove of treasure.
 72856 | Depths:2 | You paid a toll of 6 scrolls of fear to enter a treasure
                  | trove
 72857 | Trove    | Entered a treasure trove
 72859 | Trove    | Found the +10 morningstar "Eos" {elec, Halo rElec}
 72859 | Trove    | Found the +10 zealot's sword {holy, Zealotry, *Rage rN+
                  | EV+3}
 72861 | Trove    | Identified the +5 morningstar "Aveoblir" {flame, rElec
                  | Int+5}
 72866 | Trove    | Identified the +8 great mace of Integrity {freeze, rElec}
 73178 | Depths:2 | Killed a juggernaut
 73430 | Depths:2 | Found an ancient bone altar of Kikubaaqudgha.
 73542 | Depths:3 | Found a shimmering altar of Xom.
 73671 | Depths:3 | Noticed the Enchantress
 74039 | Depths:3 | Killed the Enchantress
 74136 | Depths:3 | Found a bloodstained altar of Trog.
 74437 | Depths:3 | Found Veunipn's Jewellery Boutique.
 74437 | Depths:3 | Found Utra's Book Emporium.
 74438 | Depths:3 | Found Juijioq's Jewellery Boutique.
 74807 | Depths:3 | Reached skill level 22 in Shields
 74996 | Depths:3 | Found a blossoming altar of Fedhas.
 75188 | Depths:3 | You are sucked into a shaft and drop 1 floor!
 75188 | Depths:4 | Entered Level 4 of the Depths
 75892 | Depths:4 | Found a one-way gateway to a ziggurat.
 75894 | Depths:4 | Noticed Jory
 75913 | Depths:4 | Killed Jory
 76218 | Depths:4 | Found a gate to the Realm of Zot.
 76425 | Depths:4 | Found a white marble altar of Elyvilon.
 76726 | Zot:1    | Entered Level 1 of the Realm of Zot
 76726 | Zot:1    | Noticed an orb of fire
 76737 | Depths:4 | Killed an orb of fire
 76738 | Depths:4 | Reached XP level 27. HP: 134/253 MP: 8/20
 77252 | Crypt:1  | Entered Level 1 of the Crypt
 77941 | Crypt:1  | Noticed Vv
 77951 | Crypt:1  | Killed Vv
 78871 | Crypt:2  | Reached skill level 23 in Shields
 80725 | Crypt:2  | Found a runed door.
 81151 | Crypt:2  | Identified the +5 mace of Huiga {heavy, Will+ Str+3}
 81151 | Crypt:2  | Identified the ring of Impatience {rC+ Dex+3}
 81241 | Crypt:2  | Noticed an ancient lich
 81246 | Crypt:2  | Killed an ancient lich
 81266 | Crypt:2  | Acquired 738 gold pieces
 81327 | Crypt:2  | Acquired 792 gold pieces
 81422 | Crypt:3  | Entered Level 3 of the Crypt
 81444 | Crypt:3  | Bought the ring "Pil Uhug" {rN++ AC+4 Slay+5 Stlth-} for
                  | 1315 gold pieces
 81661 | Crypt:3  | Found an ancient bone altar of Kikubaaqudgha.
 82018 | Crypt:3  | Identified the ring of Xoygaum {Contam rElec rC++ rN+}
 82019 | Crypt:3  | Noticed Margery
 82028 | Crypt:3  | Killed Margery
 82191 | Crypt:3  | Noticed Khufu
 82195 | Crypt:3  | Found a staircase to the Tomb.
 82205 | Crypt:3  | Killed Khufu
 82526 | Crypt:3  | Got an engraved
 82549 | Crypt:3  | Identified the ring "Daosidghoju" {rN+ Int+3 Dex+4}
 82549 | Crypt:3  | Identified the ring of Uddieg {rN+ Int+3}
 82911 | Crypt:3  | Reached skill level 24 in Shields
 82964 | Crypt:3  | Got a glistering
 83208 | Crypt:3  | Noticed Grunn
 83219 | Crypt:3  | Killed Grunn
 83864 | Depths:1 | Voluntarily entered the Abyss.
 84064 | Abyss:1  | Found a corrupted altar of Lugonu.
 84292 | Abyss:1  | Found a corrupted altar of Lugonu.
 84335 | Abyss:1  | Found a corrupted altar of Lugonu.
 84335 | Abyss:1  | Gained mutation: You sometimes lose your temper in combat.
                  | [a neqoxec]
 84421 | Abyss:1  | Found a corrupted altar of Lugonu.
 84489 | Abyss:1  | Found a corrupted altar of Lugonu.
 84489 | Abyss:1  | Found a corrupted altar of Lugonu.
 84489 | Abyss:1  | Found a corrupted altar of Lugonu.
 84513 | Abyss:1  | Gained mutation: You are clumsy. (Dex -2) [a neqoxec]
 84519 | Abyss:1  | Gained mutation: You frequently scream uncontrollably at
                  | your foes. [a neqoxec]
 84579 | Abyss:1  | Found a radiant altar of Vehumet.
 84711 | Abyss:1  | Found a corrupted altar of Lugonu.
 84713 | Abyss:1  | Found a corrupted altar of Lugonu.
 84713 | Abyss:1  | Lost mutation: You are weak. (Str -2) [a neqoxec]
 84784 | Abyss:1  | Found a corrupted altar of Lugonu.
 84940 | Abyss:1  | Gained mutation: You occasionally lose the ability to drink
                  | potions when taking damage. [a cacodemon]
 84953 | Abyss:1  | Paralysed by accursed screaming for 1 turns
 84998 | Depths:1 | Escaped the Abyss
 85365 | Depths:1 | Voluntarily entered the Abyss.
 85553 | Abyss:2  | Found a corrupted altar of Lugonu.
 85703 | Abyss:2  | Gained mutation: You sometimes lose the ability to read
                  | scrolls when taking damage. [a neqoxec]
 85888 | Abyss:3  | Found a corrupted altar of Lugonu.
 85889 | Abyss:3  | Found a corrupted altar of Lugonu.
 85891 | Abyss:3  | Found a transporter.
 85921 | Depths:1 | Escaped the Abyss
 85950 | Depths:1 | Voluntarily entered the Abyss.
 86087 | Abyss:3  | Reached skill level 25 in Shields
 86291 | Abyss:3  | Paralysed by accursed screaming for 1 turns
 86343 | Abyss:3  | Gained mutation: You are very clumsy. (Dex -4) [a neqoxec]
 86349 | Abyss:3  | Paralysed by accursed screaming for 2 turns
 86679 | Depths:1 | Escaped the Abyss
 86963 | Depths:1 | Lost mutation: You are very clumsy. (Dex -4) [potion of
                  | mutation]
 86963 | Depths:1 | Lost mutation: You frequently scream uncontrollably at your
                  | foes. [potion of mutation]
 86963 | Depths:1 | Lost mutation: You occasionally lose the ability to drink
                  | potions when taking damage. [potion of mutation]
 86963 | Depths:1 | Lost mutation: You sometimes lose the ability to read
                  | scrolls when taking damage. [potion of mutation]
 86963 | Depths:1 | Lost mutation: Your magical capacity is low. (-10% MP)
                  | [potion of mutation]
 86963 | Depths:1 | Gained mutation: Your flesh is heat resistant. (rF+)
                  | [potion of mutation]
 86964 | Depths:1 | Lost mutation: You are partially covered in iridescent
                  | scales. (AC +2) [potion of mutation]
 86964 | Depths:1 | Lost mutation: You are clumsy. (Dex -2) [potion of
                  | mutation]
 86964 | Depths:1 | Lost mutation: Your flesh is heat resistant. (rF+) [potion
                  | of mutation]
 86965 | Depths:1 | Lost mutation: You occasionally lose the ability to read
                  | scrolls when taking damage. [potion of mutation]
 86965 | Depths:1 | Lost mutation: You are frail. (-10% HP) [potion of
                  | mutation]
 86965 | Depths:1 | Lost mutation: You occasionally shout uncontrollably at
                  | your foes. [potion of mutation]
 86965 | Depths:1 | Gained mutation: You are frail. (-10% HP) [potion of
                  | mutation]
 86965 | Depths:1 | Gained mutation: You are strong-willed. (Will+) [potion of
                  | mutation]
 86981 | Depths:1 | Voluntarily entered the Abyss.
 87143 | Abyss:3  | Gained mutation: You are very frail. (-20% HP) [a neqoxec]
 87154 | Abyss:3  | Gained mutation: You have hidden genetic defects. [a
                  | neqoxec]
 87158 | Abyss:3  | Gained mutation: Your spells are a little easier to cast,
                  | but a little less powerful. [a neqoxec]
 87178 | Depths:1 | Escaped the Abyss
 87367 | Depths:1 | Voluntarily entered the Abyss.
 87367 | Abyss:3  | Noticed a dread lich
 87367 | Abyss:3  | Found a corrupted altar of Lugonu.
 87372 | Abyss:3  | Killed a dread lich
 87831 | Abyss:3  | Gained mutation: Your spells are easier to cast, but less
                  | powerful. [hidden defects]
 87902 | Depths:1 | Escaped the Abyss
 88074 | Depths:1 | Voluntarily entered the Abyss.
 88089 | Depths:1 | Escaped the Abyss
 88209 | Depths:1 | Voluntarily entered the Abyss.
 88310 | Abyss:6  | Reached skill level 26 in Shields
 88344 | Abyss:6  | Got an abyssal rune of Zot
 88365 | Abyss:6  | Lost intelligence.
 88372 | Abyss:6  | Lost mutation: You are very frail. (-20% HP) [potion of
                  | mutation]
 88372 | Abyss:6  | Lost mutation: You have hidden genetic defects. [potion of
                  | mutation]
 88372 | Abyss:6  | Lost mutation: You sometimes lose your temper in combat.
                  | [potion of mutation]
 88372 | Abyss:6  | Lost mutation: You expend magic power (3 MP) to strengthen
                  | your wands. [potion of mutation]
 88372 | Abyss:6  | Gained mutation: You have a pair of small horns on your
                  | head. [potion of mutation]
 88372 | Abyss:6  | Gained mutation: You have a pair of horns on your head.
                  | [potion of mutation]
 88373 | Abyss:6  | Lost mutation: You have a pair of horns on your head.
                  | [potion of mutation]
 88373 | Abyss:6  | Lost mutation: You are frail. (-10% HP) [potion of
                  | mutation]
 88373 | Abyss:6  | Lost mutation: You are dopey. (Int -2) [potion of mutation]
 88373 | Abyss:6  | Gained mutation: Your body sometimes deteriorates upon
                  | taking damage. [potion of mutation]
 88373 | Abyss:6  | Gained mutation: You are agile. (Dex +4, Str/Int -1)
                  | [potion of mutation]
 88403 | Abyss:6  | Gained mutation: You occasionally shout uncontrollably at
                  | your foes. [a neqoxec]
 88406 | Abyss:6  | Lost mutation: You have a pair of small horns on your head.
                  | [potion of mutation]
 88406 | Abyss:6  | Lost mutation: You occasionally shout uncontrollably at
                  | your foes. [potion of mutation]
 88406 | Abyss:6  | Lost mutation: You are agile. (Dex +4, Str/Int -1) [potion
                  | of mutation]
 88423 | Abyss:6  | Lost mutation: Your body sometimes deteriorates upon taking
                  | damage. [potion of mutation]
 88423 | Abyss:6  | Lost mutation: Your flesh is cold resistant. (rC+) [potion
                  | of mutation]
 88423 | Abyss:6  | Lost mutation: Your spells are easier to cast, but less
                  | powerful. [potion of mutation]
 88423 | Abyss:6  | Lost mutation: Your spells are a little easier to cast, but
                  | a little less powerful. [potion of mutation]
 88423 | Abyss:6  | Gained mutation: Your spells are a little easier to cast,
                  | but a little less powerful. [potion of mutation]
 88423 | Abyss:6  | Lost mutation: You are partially covered in large bone
                  | plates. (SH +4) [potion of mutation]
 88463 | Abyss:6  | HP: 8/290 [daeva/divine providence (13)]
 88511 | Abyss:6  | Found a corrupted altar of Lugonu.
 88529 | Depths:1 | Escaped the Abyss
 89271 | Hell     | Entered the Vestibule of Hell
 89271 | Hell     | Noticed Geryon
 89273 | Hell     | Noticed Murray
 89293 | Hell     | Noticed an ancient lich
 89297 | Hell     | Found a gateway to the freezing wastes of Cocytus.
 89331 | Hell     | Killed Geryon
 89732 | Hell     | Upgraded the game from 0.31-a0-771-g505c3d19dc to
                  | 0.31-a0-774-g0d66cbabe8
 90084 | Hell     | Killed an ancient lich
 90085 | Hell     | HP: 7/290 [spectral juggernaut[Murray] (32)]
 90085 | Hell     | Slain by a jiangshi

Illustrated notes

Levels and vault maps discovered:
D:1:      dpeg_arrival_morbid_curiosity, layout_loops_ring
D:2:      layout_rooms, uniq_terence
D:3:      minmay_recursive_quarters, layout_loops_ring,
          ebering_ecumenical_altar_webs, minmay_misc_feat_rugged, uniq_grinder
D:4:      layout_loops_corners, mainiacjoe_overflow_small_starburst,
          serial_shops, nicolae_lakefront_shop, shop
D:5:      layout_basic, mainiacjoe_overflow_tiny_flanked
D:6:      layout_loops_ring, amethyst_overflow_temple_binary, serial_shops,
          shop, kennysheep_mini, corner_web_ring, uniq_pikel
D:7:      cheibrodos_wizards_tower, layout_rooms, temple_hall,
          amcnicky_mini_pool_small, kennysheep_generic_room_3
D:8:      layout_cave_pools, trog_book, serial_shops, shop, minmay_ruffians
D:9:      layout_grid_maze, gammafunk_ghost_wrathful_warriors
D:10:     layout_long_grid, nemelex_xobeh_ov_fountains_minmay,
          mainiacjoe_overflow_big_doors, dpeg_oklobed_lair, special_room
          [special_room_orc], serial_glass, glass_columns_c, glass_columns_a
D:11:     nicolae_hitomezashi [nicolae_hito_row, nicolae_hito_row,
          nicolae_hito_row, nicolae_hito_row, nicolae_hito_row,
          nicolae_hito_row, nicolae_hito_row, nicolae_hito_row,
          nicolae_hito_row, nicolae_hito_row, nicolae_hito_row,
          nicolae_hito_row, nicolae_hito_row, nicolae_hito_row,
          nicolae_hito_row, nicolae_hito_row, nicolae_hito_row,
          nicolae_hito_row], layout_grid_maze, chequers_serial_rivers_micro_c,
          kennysheep_crisscross, kennysheep_cluttered_room
D:12:     layout_long_grid, david_orc_1_choice, serial_shops, shop, minivault_23
D:13:     layout_small_grid, serial_shops, nicolae_shop_real_fake_doors,
          uniq_snorg
D:14:     layout_long_grid, david_vaults_3, gammafunk_ghost_hydra_chop,
          minmay_stone_trees_small
D:15:     hangedman_depths_entry_civil_slaughter, layout_stronghold,
          nicolae_qazlal_eye_of_the_storm
Temple:   eino_temple_lava
Lair:1:   dreamdust_cave_troll, layout_loops_ring, serial_rivers,
          chequers_serial_rivers_small_3, chequers_serial_rivers_micro_b,
          chequers_serial_rivers_micro_b, chequers_serial_rivers_micro_e,
          chequers_serial_rivers_large_a, chequers_serial_rivers_room_a,
          serial_bayou_lake_a
Lair:2:   layout_cave_pods, nicolae_spider_entry_orb_guardian, uniq_erica
Lair:3:   gammafunk_cloud_chamber, layout_cave_shapes,
          skrybe_swamp_entry_bodies, nicolae_lair_lindhole, lemuel_fruit_fields
Lair:4:   layout_small_grid, minivault_24, nicolae_quartered_pool_medium,
          nicolae_lair_liquid_snakes, lemuel_fruit_tree,
          infiniplex_staircase_pool
Lair:5:   hangedman_lair_caniforms_friends, layout_small_grid,
          guppyfry_lair_end_dragon, slime_entry_1, minivault_26,
          columned_hall_lemuel, dreamdust_mushroom_princess, minivault_27
Swamp:1:  layout_basic_swamp, nicolae_swamp_dense_foliage, uniq_donald,
          uniq_mlioglotl, uniq_louise, uniq_nikola
Swamp:2:  layout_falls_marsh, hangedman_swamp_pad, swamp_pool1,
          nicolae_swamp_catching_bugs
Swamp:3:  layout_basic_swamp, evilmike_swamp_ruin_house_3, swamp_pool5,
          nzn_swamp_dancing_lights, uniq_aizul
Swamp:4:  swamp_basic_johnstein, layout_basic_swamp
Spider:1: layout_spider_delve
Spider:2: layout_chambers
Spider:3: layout_chambers, nicolae_spider_orb_run,
          hangedman_spider_tarantella_strand
Spider:4: spider_rune_water, drop_trap, uniq_arachne, uniq_bai_suzhen,
          uniq_agnes, uniq_mara
Slime:1:  cheibrodos_slime_lost_civilization_3, layout_caves
Slime:2:  layout_caves, nicolae_slime_phagocytosis
Slime:3:  layout_caves
Slime:4:  layout_caves
Slime:5:  slime_pit
Orc:1:    layout_caves
Orc:2:    kennysheep_orc_mage_school, layout_caves, minmay_orc_keep,
          uniq_josephine, uniq_saint_roka, uniq_rupert, uniq_nessos
Elf:1:    elf_arrival_001, layout_geoelf_octagon, ebering_ghost_inner_flame,
          serial_shops, shop, minmay_elf_sorcery, billiards_dpeg
Elf:2:    elven_hall_of_blades_hangedman_original
          [nicolae_blade_entry_crossed_weapons], layout_geoelf_octagon,
          uniq_jorgrun
Elf:3:    minmay_elf_hall_dome, layout_loops_cross, serial_shops,
          bzr_entry_lakeside
Vaults:1: vaults_standard_mumra_enter_the_diamond,
          nicolae_vaults_hexular_roomagon, nicolae_vaults_yaktaur_gun_rack,
          ontoclasm_vaults_loading_screen, nicolae_vaults_surprise_closet,
          nicolae_vaults_octothorpe, vaults_mumra_hexcomb, v_misc_3,
          grunt_vaults_hallway_long, nicolae_vaults_weapon_check,
          vaults_room_door_ring, layout_vaults_omnigrid, serial_shops, shop,
          shop, nicolae_shop_tiny_waterfront, shop, shop
Vaults:2: vaults_mumra_chevron_long, st_octagons_2, hangedman_vaults_slice,
          nicolae_vaults_apartment_1, nicolae_vaults_lightning_bolt,
          nicolae_vaults_cochlea, ontoclasm_vaults_bender,
          nicolae_vaults_closet_pinwheel_5, ontoclasm_vaults_loading_screen,
          v_rooms_2, v_rooms_1, nicolae_vaults_spaceships, v_misc_1,
          vaults_room_hallway, grunt_vaults_focal, layout_vaults_maze,
          serial_shops, shop
Vaults:3: mu_enter_wizlab_2, nicolae_vaults_offset_grid_hallway_3,
          minmay_crypt_entry_simple_walls, nicolae_vaults_offset_grid_hallway_4,
          nicolae_vaults_little_squares_6, nicolae_vaults_storage_closets_3,
          hangedman_vaults_stretched_pinwheel,
          nicolae_vaults_taking_the_gang_shopping,
          nicolae_vaults_trapezoid_layered, nicolae_vaults_stepped_doors,
          serial_ice_m, nicolae_vaults_diamond_1, vaults_room_hallway,
          layout_vaults_chaotic_city
Vaults:4: gammafunk_ghost_smash, nicolae_vaults_display_case,
          vaults_room_semicircle, ontoclasm_vaults_misaligned, v_misc_16,
          v_misc_30, dpeg_vaults_monster_row, nicolae_vaults_ellipses_ellipsis,
          v_pattern_2, nicolae_vaults_variable_pillar_hall,
          hangedman_vaults_hat, nicolae_vaults_tetromino_L_1,
          nicolae_vaults_heart-shaped_vault, nicolae_vaults_tetromino_L_2,
          nicolae_vaults_shelves_hall, layout_vaults_ring
Vaults:5: uniq_boris
Crypt:1:  layout_catacombs, grunt_megastairs_1, uniq_vv
Crypt:2:  evilmike_wizard_prison, layout_basic
Crypt:3:  grunt_crypt_end_deaths_head, uniq_margery, uniq_grunn
Depths:1: layout_cave_pools, pf_vacation_house_of_asmodeus,
          lemuel_coloured_pillars_altar, abyss_entry, serial_shops, shop,
          tgw_sif
Depths:2: minmay_ambush_box, layout_basic, kiku_gazebo_garden_becter,
          grunt_pan_entry_spiral, nicolae_trove_entry_free_sample, hell_entry,
          minmay_misc_feat_diagonals, nicolae_inconvenience_store,
          hangedman_abyss_or_decor_clamps, kennysheep_nub,
          infiniplex_staircase_split_hallway
Depths:3: minmay_the_grid_triangle_9x9_recursive_3
          [minmay_the_grid_triangle_9x9_corruption,
          minmay_the_grid_triangle_9x9_longest,
          minmay_the_grid_triangle_9x9_empty,
          minmay_the_grid_triangle_9x9_prize_special,
          minmay_the_grid_triangle_9x9_alien,
          minmay_the_grid_triangle_9x9_thin_v,
          minmay_the_grid_triangle_9x9_shrine,
          minmay_the_grid_triangle_9x9_pentomino_pain,
          minmay_the_grid_triangle_9x9_cache], layout_basic,
          minmay_room_of_horrors, grunt_pan_entry_sceptre, bloody_trog,
          hell_entry, serial_shops, kennysheep_mini_moat, nicolae_square_shop,
          xom_confusion_cloud, minmay_shop_grove,
          infiniplex_staircase_door_maze, uniq_enchantress, uniq_xtahua
Depths:4: grunt_x_marks_the_spot, layout_cave_pools, enter_ziggurat_d,
          grunt_pan_entry_in_and_out, hell_entry, elyvilon_altar_1, uniq_jory
Hell
Zot:1:    grunt_twist_and_shout, layout_cathedral_of_symmetry, evilmike_ambush
          [evilmike_ambush_outer_corners, evilmike_ambush_inner_basic]

Skill      XL: |  1  2  3  4  5  6  7  8  9 10 11 12 13 14 15 16 17 18 19 20 21 22 23 24 25 26 27 |
---------------+----------------------------------------------------------------------------------+-----
Shields        | 3 4 5 6 7 8 10 11 12 13 14 16 17 18 19 20 21 22 26 | 26.5
Armour         | 3 4 5 7 8 9 10 12 13 14 15 16 17 18 19 20 | 20.3
Maces & Flails | 3 4 5 7 8 10 11 12 14 15 16 17 18 19 20 21 22 24 | 24.6
Fighting       | 4 5 6 7 8 9 10 11 12 13 14 15 16 17 18 19 20 22 23 25 | 25.3
Stealth        | 1 2 3 4 5 6 |  6.9
Evocations     | 1 2 3 4 5 6 |  6.5

Action                     |  1- 3 |  4- 6 |  7- 9 | 10-12 | 13-15 | 16-18 | 19-21 | 22-24 | 25-27 || total
---------------------------+-------+-------+-------+-------+-------+-------+-------+-------+-------++-------
  Melee: Flail             |    46 |    70 |   172 |   810 |  1418 |       |       |       |       ||  2516
         Constrict         |       |       |       |       |   237 |   178 |   314 |   171 |   429 ||  1329
         Morningstar       |       |       |       |       |    57 |  1050 |  1876 |   609 |       ||  3592
         Eveningstar       |       |       |       |       |       |       |       |   609 |  2363 ||  2972
         Headbutt          |       |       |       |       |       |       |       |       |     4 ||     4
  Throw: Dart              |       |       |       |     3 |     1 |       |       |       |       ||     4
         Boomerang         |       |       |       |     1 |     1 |       |       |       |       ||     2
 Invoke: Call Merchant     |       |       |       |       |     3 |       |     2 |     2 |     3 ||    10
         Potion Petition   |       |       |       |       |       |     3 |       |       |     6 ||     9
Ability: Spit Poison       |    37 |    35 |    29 |    68 |    76 |    54 |    31 |    16 |    13 ||   359
  Evoke: Wand              |       |    12 |     8 |     4 |    11 |    37 |    15 |    55 |    36 ||   178
         Tin of tremorston |       |       |       |       |       |       |     2 |       |     2 ||     4
         Box of beasts     |       |       |       |       |       |       |       |       |     1 ||     1
         Phial of floods   |       |       |       |       |       |       |       |       |     1 ||     1
    Use: Potion            |       |     1 |     5 |     4 |     7 |    15 |     4 |    11 |    39 ||    86
         Scroll            |       |       |     5 |     3 |    12 |     8 |     4 |    11 |    14 ||    57
   Stab: Distracted        |       |       |       |     7 |    10 |     5 |     8 |    10 |    26 ||    66
         Paralysed         |       |       |       |     2 |     5 |       |       |       |       ||     7
         Invisible         |       |       |       |       |     7 |     9 |       |       |     3 ||    19
 Armour: Scale mail        |    46 |    61 |    75 |       |       |       |       |       |       ||   182
         Plate armour      |       |       |   134 |   872 |   305 |       |       |       |       ||  1311
         Skin              |       |       |    44 |       |       |       |       |       |       ||    44
         Crystal plate arm |       |       |       |       |  1725 |   821 |  1646 |  1005 |  1952 ||  7149
  Dodge: Dodged            |    18 |    39 |    57 |   101 |   383 |   165 |   398 |   256 |   538 ||  1955
  Block: Buckler           |    12 |    14 |    36 |   207 |   237 |       |       |       |       ||   506
         Kite shield       |       |       |       |       |   466 |   499 |  1684 |  1495 |  3564 ||  7708
         Reflection        |       |       |       |       |       |     1 |    35 |    58 |       ||    94

Table legend: (Time is in decaauts)
 A = Elapsed time spent in this place.
 B = Non-inter-level travel time spent in this place.
 C = Inter-level travel time spent in this place.
 D = Time resting spent in this place.
 E = Time spent auto-exploring this place.
 F = Levels seen in this place.
 G = Mean time per level.
                   A        B        C        D        E       F      G
               +--------+--------+--------+--------+--------+-----+--------+
         Total | 105030 |  97126 |   7904 |  19680 |  58035 |  68 | 1544.6 |
       Dungeon |  25650 |  21721 |   3929 |   3938 |  14457 |  15 | 1710.0 |
        Temple |     25 |     13 |     12 |      0 |      0 |   1 |   25.0 |
          Lair |  12239 |  11059 |   1180 |   1898 |   7258 |   5 | 2447.8 |
         Swamp |   5850 |   5555 |    295 |   1376 |   3384 |   4 | 1462.5 |
   Spider Nest |   8915 |   8594 |    321 |    543 |   6943 |   4 | 2228.8 |
    Slime Pits |   4755 |   4611 |    144 |   2289 |   1353 |   5 |  951.0 |
  Orcish Mines |   2178 |   2015 |    163 |    289 |   1256 |   2 | 1089.0 |
   Elven Halls |   6140 |   5715 |    425 |   1979 |   2249 |   3 | 2046.7 |
        Vaults |  15755 |  14906 |    849 |   2688 |   9714 |   5 | 3151.0 |
         Crypt |   7446 |   7195 |    251 |    541 |   5295 |   3 | 2482.0 |
        Depths |   9902 |   9573 |    329 |   3060 |   5210 |   4 | 2475.5 |
          Hell |    841 |    841 |      0 |    634 |      5 |   1 |  841.0 |
           Zot |      3 |      3 |      0 |      0 |      0 |   1 |    3.0 |
         Abyss |   4254 |   4254 |      0 |    407 |    602 |  12 |  354.5 |
        Bazaar |    226 |    226 |      0 |      0 |    100 |   1 |  226.0 |
         Trove |     33 |     33 |      0 |      0 |      0 |   1 |   33.0 |
        Wizlab |    811 |    811 |      0 |     35 |    203 |   1 |  811.0 |
               +--------+--------+--------+--------+--------+-----+--------+

Top non-repeatable levels by time:
Vaults:4: 4021 daAuts
Depths:1: 3439 daAuts
  Lair:5: 3347 daAuts
Vaults:2: 3334 daAuts
Vaults:1: 3333 daAuts
 Crypt:2: 3123 daAuts
Depths:2: 2910 daAuts
   Elf:1: 2784 daAuts
Spider:4: 2775 daAuts
    D:12: 2704 daAuts
Vaults:3: 2583 daAuts
  Lair:2: 2567 daAuts
     D:6: 2544 daAuts
Vaults:5: 2482 daAuts
Spider:3: 2444 daAuts
